Map: Disco Bloodbath LE

Players

Djorn

  • Race: Protoss Protoss
  • League: Bronze
  • Spawn Location: 3:00

BeefStewart - Winner!

  • Race: Terran Terran
  • League: Silver
  • Spawn Location: 9:00

VOD

Have the link to the VOD?

Description

Time

  • Played on: Aug. 26, 2019, 2:51 p.m.
  • Length: 12:21
Show
View Real Time Build Order
Export as new Build Order

Djorn Protoss 

Build Orders:  

Get SALT Encoding   

  12  0:01  Probe  
  13  0:13  Probe  
  14  0:24  Pylon  
  14  0:30  Probe  
  15  0:39  Probe  
  15  0:47  Probe  
  17  0:57  Probe  
  17  1:00  Gateway  
  18  1:09  Probe  
  19  1:50  Cybernetics Core  
  19  1:53  Assimilator  
  19  1:57  Probe  
  19  1:58  Assimilator  
  20  2:09  Probe  
  20  2:12  Gateway  
  21  2:21  Probe  
  22  2:33  Pylon, Probe  
  23  2:50  Stalker  
  25  3:04  Warp Gate  
  25  3:06  Pylon  
  25  3:07  Probe  
  26  3:30  Shield Battery  
  26  3:36  Stalker  
  26  3:38  Stalker  
  30  3:46  Nexus  
  30  3:53  Pylon  
  30  3:57  Pylon  
  30  4:03  Robotics Facility  
  30  4:10  Stalker  
  30  4:14  Stalker  
  34  4:25  Assimilator  
  34  4:28  Assimilator  
  34  4:32  Pylon  
  34  4:43  Shield Battery  
  34  4:52  Observer  
  34  4:55  Forge  
  34  4:58  Gateway  
  34  4:59  Gateway  
  35  5:07  Probe  
  35  5:10  Observer  
  37  5:19  Probe  
  38  5:32  Probe  
  39  5:43  Pylon, Probe  
  40  5:50  Protoss Ground Weapons Level 1  
  40  5:51  Probe  
  40  5:53  Probe  
  42  6:00  Adept x4  
  42  6:01  Probe  
  51  6:05  Probe  
  52  6:13  Probe  
  52  6:14  Immortal  
  52  6:17  Probe  
  58  6:22  Pylon  
  58  6:25  Probe  
  59  6:26  Pylon  
  59  6:29  Probe  
  60  6:36  Zealot x2  
  60  6:37  Zealot x2  
  68  6:42  Probe  
  69  6:49  Twilight Council  
  69  6:55  Immortal  
  73  7:23  Immortal  
  77  7:37  Charge  
  77  7:53  Warp Prism  
  77  7:56  Protoss Ground Armor Level 1  
  77  8:05  Gateway  
  79  8:07  Gateway  
  79  8:28  Warp Prism  
  81  9:17  Resonating Glaives  
  81  9:21  Zealot  
  81  9:22  Zealot x4  
  81  9:23  Zealot  
  71  9:51  Stalker x5  
  71  9:52  Stalker  
  83  10:15  Zealot x5  
  83  10:16  Zealot  
  95  10:40  Pylon  
  95  10:42  Adept  
  95  10:43  Adept x2  
  95  10:46  Pylon  
  101  10:58  Immortal  
  105  11:12  Adept x3  
  105  11:14  Zealot x3  
Show
View Real Time Build Order
Export as new Build Order

BeefStewart Terran - Winner!

Build Orders:  

Get SALT Encoding   

  12  0:00  SCV  
  13  0:16  Supply Depot  
  13  0:18  SCV  
  14  0:39  Barracks  
  14  0:45  Supply Depot  
  14  0:47  Refinery  
  15  0:50  SCV  
  15  1:02  SCV  
  16  1:14  SCV  
  17  1:45  Orbital Command  
  17  1:46  Marine  
  18  1:57  Factory  
  18  2:17  Barracks Reactor  
  18  2:18  SCV  
  19  2:30  SCV  
  20  2:37  Refinery  
  20  2:42  Widow Mine, SCV  
  23  2:52  Barracks  
  23  2:54  SCV, Marine x2  
  26  3:04  Widow Mine  
  28  3:06  Command Center, SCV  
  29  3:25  Marine x2  
  31  3:42  Starport  
  31  3:54  Supply Depot  
  31  3:57  Supply Depot  
  31  3:59  Barracks Tech Lab  
  31  4:02  Factory Tech Lab  
  31  4:16  SCV, Marine  
  33  4:19  Orbital Command  
  33  4:28  SCV  
  34  4:32  Viking  
  34  4:35  Engineering Bay  
  36  4:40  SCV  
  36  4:41  Marauder  
  36  4:43  Supply Depot  
  36  4:45  Marine  
  40  4:46  Engineering Bay  
  40  4:50  SCV  
  40  4:52  SCV  
  42  5:01  Combat Shield  
  42  5:02  Marauder  
  44  5:15  Siege Tank  
  44  5:20  Starport Tech Lab  
  47  5:24  Barracks  
  47  5:27  Terran Infantry Weapons Level 1  
  47  5:37  Barracks  
  47  5:45  Medivac  
  49  5:50  Supply Depot  
  49  5:57  SCV  
  49  5:58  Supply Depot  
  49  6:01  Refinery  
  49  6:03  SCV  
  51  6:09  SCV  
  51  6:11  Terran Infantry Armor Level 1  
  52  6:15  Medivac, SCV  
  55  6:22  SCV  
  56  6:27  SCV  
  57  6:34  Marine x2, SCV  
  57  6:35  Marauder, Marine  
  63  6:52  Marine x2  
  63  6:53  Marine  
  66  6:56  Marauder  
  66  6:57  Fusion Core  
  66  6:58  Starport Tech Lab  
  69  7:09  Marine  
  69  7:10  Marine  
  70  7:17  Stimpack  
  70  7:18  Marauder  
  70  7:19  Marauder  
  70  7:20  Concussive Shells  
  70  7:21  Marine  
  75  7:27  Marine x2  
  77  7:30  SCV  
  77  7:34  SCV  
  79  7:39  Marauder x2  
  79  7:40  Marauder  
  79  7:42  SCV  
  86  7:55  Refinery  
  86  8:15  Missile Turret  
  86  8:18  Supply Depot, Missile Turret  
  86  8:19  Supply Depot  
  86  8:22  Sensor Tower  
  86  8:28  Sensor Tower  
  86  8:39  Viking, Marine x2  
  86  8:40  Marauder, SCV x2  
  94  8:47  Supply Depot  
  94  8:52  SCV x2  
  96  8:57  Supply Depot, Marine  
  96  9:01  Marauder  
  99  9:03  Command Center  
  99  9:04  SCV  
  99  9:09  Medivac  
  102  9:15  Marine  
  103  9:22  Marine  
  103  9:23  Marine x3  
  102  9:25  Supply Depot  
  95  9:32  Supply Depot  
  95  9:33  Marine  
  93  9:40  Marine x2  
  93  9:41  Marauder x2  
  97  9:51  Marauder  
  97  9:52  Medivac  
  101  9:58  Marine x2  
  101  9:59  Refinery  
  103  10:00  SCV  
  103  10:03  Marauder x2  
  103  10:05  SCV  
  109  10:12  Marine, SCV  
  111  10:16  Marine x2  
  111  10:17  SCV  
  114  10:22  Viking  
  114  10:23  Supply Depot, Marine  
  114  10:24  Marine  
  114  10:27  Sensor Tower  
  118  10:29  SCV  
  118  10:30  Marine  
  118  10:34  Orbital Command, Marine x2  
  122  10:38  Supply Depot  
  122  10:41  Marine x2  
  124  10:48  Marine  
  125  10:52  Battlecruiser, Marine x2  
  133  11:00  Marauder x2  
  137  11:06  Marauder  
  137  11:07  Armory  
  137  11:09  Marine, Hi-Sec Auto Tracking  
  137  11:10  Marine  
  141  11:15  SCV  
  142  11:20  Refinery  
  142  11:21  Marauder x2  
  142  11:25  Missile Turret  
  146  11:27  SCV, Marine x2  
  146  11:30  SCV, Missile Turret  
  150  11:35  Marine  
  150  11:38  Factory Tech Lab  
  150  11:39  SCV  
  152  11:42  SCV, Marine x2  
  152  11:45  Marauder, Marine  
  158  11:51  SCV  
  158  11:53  Marine  
  160  11:54  SCV  
  160  12:00  Marauder  
  159  12:04  SCV  
  159  12:06  SCV  
Tags
 
Add a new tag
Caveats
  • Supply blocks, unpowered buildings, or Contaminate may cause inaccurate times.
  • Supply counts are checked every 10 seconds.